 Dungeon Crawl Stone Soup version 0.27-a0-1158-gaa87e14f67 (webtiles) character file.

Game seed: 16582434799200522285

301842 wakim the Warrior (level 21, -4/241 HPs)
             Began as a Djinni Conjurer on May 15, 2021.
             Was the Champion of Makhleb.
             Slain by a hell knight
             ... wielding a +4 demon trident
              (22 damage)
             ... on level 3 of the Vaults.
             The game lasted 02:32:10 (40267 turns).

wakim the Warrior (Djinni Conjurer)                Turns: 40267, Time: 02:32:10

Health: -4/241     AC: 16    Str: 16    XL:     21   Next: 96%
Gold:   3093       EV: 15    Int: 33    God:    Makhleb [******] SH:  0 Dex: 12

rFire    + + .     SeeInvis .   (weapon currently unavailable)
rCold    . . .     Faith    .   (shield currently unavailable)
rNeg     . . .     Spirit   .   (armour currently unavailable)
rPois    ∞         Reflect  .   (helmet currently unavailable)
rElec    .         Harm     .   (cloak currently unavailable)
rCorr    .         Rampage  .   (gloves currently unavailable)
Will     ++...                  (boots unavailable)
Stlth    ++........             i - amulet of regeneration
HPRegen  2.50/turn              p - ring of protection from cold
MPRegen  0.00/turn              g - ring of Miracles {EV+4 Int+5}

@: about to teleport, dragon-form, flying, very slightly contaminated
A: dragon claw, dragon scales, breathe fire, flying, boosted hp, sickness
immunity, giant, (fire resistance 2), (cold vulnerability 1), float, innate
caster, hp casting, extra vitality 1, (beak), (deformed body), dopey 1,
regeneration 1, subdued magic 2
}: 2/15 runes: barnacled, gossamer
a: Breathe Fire, End Transformation, Renounce Religion, Minor Destruction,
Lesser Servant of Makhleb, Major Destruction, Greater Servant of Makhleb


You were on level 3 of the Vaults.
You worshipped Makhleb.
Makhleb was exalted by your worship.
You were a fearsome dragon!
You visited 7 branches of the dungeon, and saw 35 of its levels.
You visited the Abyss 2 times.
You also visited: Bailey and Volcano.

You collected 4896 gold pieces.
You spent 1803 gold pieces at shops.

Inventory:

Hand Weapons
 a - the +6 double sword "Liucw" (melded) {vorpal, Fly rN+ rCorr}
   (You bought it in a shop on level 5 of the Dungeon)

   It inflicts extra damage upon your enemies.
   It protects you from negative energy.
   It grants you flight.
   It protects you from acid and corrosion.
 b - the +2 broad axe "Cimemyick" {antimagic, Will++}
   (You took it off a kobold in a bailey)

   It reduces the magical energy of the wielder, and disrupts the spells and
   magical abilities of those hit.
   Natural abilities and divine invocations are not affected.
   It greatly increases your willpower.
 c - the +9 short sword of Exoneration {antimagic, rF+ rCorr Str+4}
   (You found it on level 8 of the Dungeon)

   It reduces the magical energy of the wielder, and disrupts the spells and
   magical abilities of those hit.
   Natural abilities and divine invocations are not affected.
   It affects your strength (+4).
   It protects you from fire.
   It protects you from acid and corrosion.
Missiles
 j - 24 curare-tipped darts {=f}
 G - 18 atropa-tipped darts
 I - 10 throwing nets {=f!f}
 K - 6 boomerangs of dispersal {=f!f}
Armour
 e - +0 acid dragon scales
 k - a +0 kite shield (melded)
 l - the +0 pair of gloves of Faidd (melded) {rPois Str+4 Int+3}
   (You found it in a bailey)

   It affects your strength (+4).
   It affects your intelligence (+3).
   It protects you from poison.
 o - a scarf of resistance (melded)
 E - the +1 ring mail of the Spider Nest (melded) {Harm rElec SInv}
   (You found it on level 4 of the Lair of Beasts)

   It insulates you from electricity.
   It lets you see invisible.
   It increases damage dealt and taken.
 S - a scarf of repulsion
 Z - a +2 hat (melded)
Jewellery
 g - the ring of Miracles (right foreclaw) {EV+4 Int+5}
   (You acquired it on level 3 of the Dungeon)

   [ring of evasion]

   It affects your evasion (+4).
   It affects your intelligence (+5).
 h - an amulet of reflection
 i - an amulet of regeneration (around neck)
 m - a +4 ring of protection
 n - a ring of protection from fire
 p - a ring of protection from cold (left foreclaw)
 q - a ring of see invisible
 s - a ring of resist corrosion
 M - a ring of protection from cold
Wands
 d - a wand of iceblast (30)
 t - a wand of digging (6)
 u - a wand of mindburst (14)
 v - a wand of flame (116)
 w - a wand of acid (9)
 x - a wand of charming (30)
 y - a wand of paralysis (15)
Scrolls
 f - a scroll of enchant armour
 r - 16 scrolls of identify
 z - 2 scrolls of enchant weapon
 Q - 3 scrolls of immolation {!r!r}
 R - 3 scrolls of magic mapping {!r}
 T - 14 scrolls of teleportation
 U - 3 scrolls of fear
 W - a scroll of holy word
 X - 2 scrolls of fog
 Y - a scroll of blinking {!r}
Potions
 A - 4 potions of ambrosia
 B - 4 potions of attraction {!q}
 D - 6 potions of brilliance
 F - 14 potions of curing
 H - 9 potions of haste
 J - 3 potions of heal wounds
 L - 5 potions of lignification {!q}
 N - 4 potions of might
 O - 4 potions of resistance


   Skills:
 * Level 17.4 Fighting
 + Level 10.9 Long Blades
 - Level 14.0 Armour
 + Level 17.0 Dodging
 - Level 4.0 Stealth
 + Level 12.9 Shields
 * Level 14.8 Spellcasting
 - Level 12.0 Invocations


You couldn't memorise any spells.
You knew the following spells:

 Your Spells              Type           Power      Damage    Failure   Level
a - Magic Dart            Conj           100%       1d8       0%          1
b - Dazzling Flash        Conj/Hex       100%       N/A       0%          3
c - Foxfire               Conj/Fire      100%       2x1d9     0%          1
d - Wereblood             Tmut           66%        N/A       0%          2
e - Stone Arrow           Conj/Erth      100%       3d13      0%          3
f - Gell's Gravitas       Tloc           33%        N/A       0%          3
g - Irradiate             Conj/Tmut      33%        3d25      1%          5
h - Summon Forest         Summ/Tloc      33%        N/A       1%          5
i - Eringya's Noxious Bo  Tmut/Pois      33%        N/A       1%          6
j - Simulacrum            Ice/Necr       33%        N/A       1%          6
k - Blade Hands           Tmut           33%        N/A       1%          6
l - Dragon Form           Tmut           33%        N/A       1%          7
s - Searing Ray           Conj           100%       3d7       0%          2
x - Iskenderun's Mystic   Conj/Tloc      66%        2d14      0%          4
z - Fulminant Prism       Conj/Hex       33%        3d16      0%          4
Your spell library was empty.

Dungeon Overview and Level Annotations

Branches:
Dungeon (15/15)            Temple (1/1) D:5            Lair (6/6) D:9
 Shoals (4/4) Lair:4       Spider (4/4) Lair:4        Slime (0/5) Lair:5
    Orc (2/2) D:12            Elf (0/3) Orc:2        Vaults (3/5) D:13
  Crypt (0/3) Vaults:2     Depths (0/5) D:15         Bailey (visited)
Volcano (visited)

Altars:
Ashenzari
Cheibriados
Dithmenos
Elyvilon
Fedhas
Gozag
Hepliaklqana
Kikubaaqudgha
Makhleb
Nemelex Xobeh
Okawaru
Qazlal
Ru
Sif Muna
Trog
Uskayaw
Vehumet
Wu Jian
Xom
Yredelemnul
Zin
The Shining One

Shops:
D:2 *   D:5 (   D:7 *   Orc:2 (=!:

Annotations:
Vaults:3 36 runed doors


Innate Abilities, Weirdness & Mutations

You are a fearsome dragon!
You have a powerful clawing attack.
Your giant scaled body is strong and resiliant, but less evasive.
You can breathe fire.
You are flying.
Your maximum health is greatly increased.
Your armour is entirely melded.
You are incapable of wielding weapons or throwing items.
You are immune to sickness and miasma.
You are immune to poison.
((Your flesh is very heat resistant. (rF++)))
((You are vulnerable to cold. (rC-)))
You float through the air rather than walking.
You learn spells naturally, not from books.
Your magical power is your life essence.
You have superior vitality. (+4 HP)
((You have a beak for a mouth.))
((Armour fits poorly on your strangely shaped body.))
You are dopey. (Int -2)
Your natural rate of healing is unusually fast.
Your spells are easier to cast, but less powerful.


Message History

The hell knight is lightly wounded.
The hell knight is knocked back by the mystic blast.
The hell knight collides with the hell knight!
The mystic blast hits the hell knight!
The hell knight is moderately wounded.
The hell knight is knocked back by the mystic blast.
The hell knight slams into the closed door!
The mystic blast hits the hell knight!
The hell knight is moderately wounded.
The hell knight is knocked back by the mystic blast.
The hell knight collides with the hell knight!
The mystic blast hits the hell knight.
The hell knight is lightly wounded.
The hell knight is knocked back by the mystic blast.
The hell knight slams into the huge runed gate!
The mystic blast hits the hell knight!!
The hell knight is moderately wounded.
The hell knight is knocked back by the mystic blast.
The mystic blast hits the hell knight!
The hell knight is lightly wounded.
The hell knight is knocked back by the mystic blast.
The hell knight collides with the hell knight!
The mystic blast hits the hellephant!
The hellephant is heavily wounded.
The hellephant is knocked back by the mystic blast.
The hellephant slams into the closed door!
The mystic blast hits the hellephant!
The hellephant is heavily wounded.
The hellephant is knocked back by the mystic blast.
The hellephant collides with the hell knight!
The mystic blast hits the hell knight but does no damage.
* * * LOW HITPOINT WARNING * * *
The hell knight misses you.
The hell knight gestures wildly while chanting.
The hell knight seems to speed up.
The hellephant tramples you.
* * * LOW HITPOINT WARNING * * *
You hold your ground!
The hellephant closely misses you.
The hellephant gores you but does no damage.
The hell knight hits you from afar with a +4 demon trident!!
You die... #..........!...# # #..............# # #..++++++++++..# # #..+ +..########### #..+ ++++++ +..#.........# #..+ +p[p.+++..#.........# #..+ +)Y.pp +..#.........' #..+ +$pp)+++..'.........# #..+ +=ppDp++..#.........# #..+ ++pYp+++..#.........# #..+ ++'++

+..#.........#
#..++++++++++..#.........#
#..............#.........#
#..............#.........'
##'##'#'######'#'#########
#.........##.....# #
#.........##.###.# #


You could see 2 hellephants and 11 hell knights.

Vanquished Creatures
  Bai Suzhen (Spider:3)
  Jorgrun (Orc:1)
  A lich (Vaults:1)
  A kraken (Shoals:4)
  A tentacled starspawn (Abyss:2)
  A sphinx (Vaults:1)
  Polyphemus (Shoals:4)
  Kirke (D:14)
  The ghost of Lihy the Peltast, an adept MiFi of the Shining One (Spider:1)
  A tengu reaver (Vaults:2)
  Ilsuiw (Shoals:2)
  Roxanne (D:15)
  Donald (Vaults:1)
  5 ghost moths
  7 vault wardens
  3 orc warlords
  Louise (Shoals:3)
  A draconian knight (Abyss:2)
  Aizul (Shoals:4)
  7 emperor scorpions
  6 ironbound preservers
  A very ugly thing (Vaults:1)
  Nessos (D:15)
  2 dire elephants (Vaults:2)
  4 entropy weavers
  Azrael (D:13)
  2 ettins
  Snorg (Orc:2)
  8 merfolk javelineers (Shoals:4)
  10 yaktaur captains
  4 great orbs of eyes
  5 merfolk impalers
  7 vault guards
  3 boulder beetles
  A rakshasa (D:13)
  An ice dragon (Lair:6)
  6 ironbound thunderhulks
  13 hydras
  6 merfolk avatars
  A catoblepas (Shoals:4)
  13 centaur warriors
  6 two-headed ogres
  An alligator snapping turtle (Shoals:4)
  3 ironbound frosthearts
  A merfolk aquamancer (Shoals:4)
  A hell hog (Volcano)
  5 death yaks
  3 tengu warriors (D:15)
  An orc high priest (Orc:2)
  7 hell knights
  5 ironbound beastmasters
  6 thrashing horrors (Abyss:2)
  3 large abominations (Abyss:2)
  The ghost of Philosophy the Basher, a novice GrFi of Okawaru (D:8)
  3 fire crabs
  Nergalle (D:10)
  A sixfirhy (Abyss:2)
  10 sea snakes
  A shadow demon (Abyss:2)
  9 deep trolls
  3 glowing orange brains
  10 ironbound convokers
  5 lindwurms
  Pikel (D:8)
  28 harpies
  6 wizards
  A harpy (shapeshifter) (D:13)
  3 necromancers
  5 orc knights
  26 orb spiders
  6 deep elf pyromancers
  4 fauns (Shoals:3)
  10 cyclopes
  9 orc sorcerers
  4 oklob plants (Lair:5)
  2 moths of wrath (Spider:3)
  15 manticores
  28 wolf spiders
  23 ugly things
  20 elephants
  16 vault sentinels
  4 smoke demons (Abyss:2)
  2 molten gargoyles (Volcano)
  6 merfolk sirens
  4 water nymphs
  An apocalypse crab (Abyss:2)
  2 black mambas
  6 torpor snails
  A rime drake (Lair:5)
  Maggie (D:6)
  An unseen horror (D:10)
  Psyche (D:8)
  10 demonic crawlers
  33 yaktaurs
  A kobold demonologist (D:11)
  A komodo dragon (shapeshifter) (D:15)
  11 cane toads
  A tengu conjurer (D:15)
  A freezing wraith (D:14)
  10 komodo dragons
  An ancient zyme (Abyss:2)
  9 trolls
  8 hornets
  21 jumping spiders
  21 merfolk
  4 tyrant leeches (Lair:6)
  5 wind drakes
  10 polar bears (Lair:6)
  6 meliai
  A raiju (Lair:6)
  A hornet (shapeshifter) (D:15)
  4 snapping turtles
  4 dream sheep
  12 blink frogs
  12 slime creatures
  5 starcursed masses (Abyss:2)
  64 redbacks
  3 ynoxinuls (Abyss:2)
  2 wyverns
  63 yaks
  6 fire bats (Volcano)
  A neqoxec (Abyss:2)
  26 tarantellas
  5 wraiths
  5 hogs (D:14)
  2 golden eyes (Abyss:2)
  9 water elementals
  2 basilisks
  A vampire (D:12)
  3 fire elementals (D:13)
  2 chaos spawn (Abyss:2)
  3 vampire mosquitoes (D:11)
  3 steam dragons
  11 wargs
  3 acid dragons (D:10)
  Duvessa (D:5)
  7 water moccasins
  20 hell hounds
  32 orc warriors
  3 sky beasts
  12 black bears
  5 ogres
  5 boggarts (Vaults:1)
  15 centaurs
  13 wolves (Lair:6)
  4 lemures (D:8)
  2 kobold brigands
  11 bullfrogs
  3 wyvern zombies (D:7)
  A water moccasin zombie (D:6)
  A scorpion (D:6)
  Dowan (D:5)
  9 killer bees (D:9)
  3 small abominations (Abyss:2)
  5 wights (D:7)
  2 howler monkeys (D:8)
  3 electric eels
  7 lava snakes (Volcano)
  A bullfrog zombie (D:5)
  4 jellies
  2 centaur zombies
  3 quasits (Abyss:2)
  2 hounds (D:5)
  An iron imp (Abyss:2)
  19 orc priests
  2 gnoll shamans
  4 iguanas
  26 orc wizards
  A hound skeleton (D:4)
  A howler monkey zombie (D:5)
  7 adders
  18 gnolls
  2 white imps
  3 ufetubi
  An adder zombie (D:5)
  2 adder skeletons (D:4)
  2 worms
  2 dart slugs
  66 orcs
  7 ball pythons
  12 endoplasms
  A giant cockroach (D:1)
  13 goblins
  10 hobgoblins
  8 jackals
  28 kobolds
  6 quokkas
  5 bats
  A frilled lizard (D:2)
  7 rats
  A bush (Lair:6)
  A lurking horror (Abyss:2)
  2 starspawn tentacles (Abyss:2)
  4 tentacles (Shoals:4)
1302 creatures vanquished.

Vanquished Creatures (collateral kills)
  A rakshasa (D:15)
  A kobold (D:10)
2 creatures vanquished.

Vanquished Creatures (others)
  An ironbound preserver (Vaults:2)
  A centaur warrior (Vaults:1)
  A boulder beetle (Vaults:3)
  A satyr (Shoals:3)
  2 deep trolls (Vaults:2)
  2 orc knights (Vaults:3)
  A wolf spider (Spider:4)
  5 dream sheep (D:5)
  2 small abominations (Abyss:2)
  An orc warrior (Orc:2)
  An orc (Orc:1)
  4 foxfires
  85 fulminant prisms
  16 fungi
  128 plants
251 creatures vanquished.

Grand Total: 1555 creatures vanquished

Notes
Turn   | Place    | Note
-------+----------+-------------------------------------------
     0 | D:1      | wakim the Djinni Conjurer began the quest for the Orb.
     0 | D:1      | Reached XP level 1. HP: 15/15 MP: 0/0
   319 | D:1      | Reached XP level 2. HP: 18/22 MP: 0/0
   774 | D:1      | Reached XP level 3. HP: 24/26 MP: 0/0
   774 | D:1      | Learned a level 1 spell: Foxfire
  1269 | D:2      | Reached skill level 1 in Fighting
  1331 | D:2      | Found Polis's Assorted Antiques.
  1463 | D:2      | Reached XP level 4. HP: 27/32 MP: 0/0
  1621 | D:2      | Found a shimmering altar of Xom.
  2170 | D:3      | You are sucked into a shaft and drop 3 floors!
  2202 | D:6      | Noticed a sky beast
  2217 | D:6      | Killed a sky beast
  2218 | D:6      | Reached XP level 5. HP: 33/38 MP: 0/0
  2218 | D:6      | Learned a level 2 spell: Wereblood
  2251 | D:6      | Reached XP level 6. HP: 36/43 MP: 0/0
  2372 | D:6      | Noticed a steam dragon
  2379 | D:6      | Noticed an ogre
  2379 | D:6      | Killed a steam dragon
  2380 | D:6      | Reached XP level 7. HP: 26/49 MP: 0/0
  2380 | D:6      | Learned a level 3 spell: Stone Arrow
  2500 | D:6      | Reached skill level 5 in Spellcasting
  2526 | D:6      | Noticed Maggie
  2639 | D:5      | Entered Level 5 of the Dungeon
  2918 | D:3      | Found a basalt altar of Yredelemnul.
  2933 | D:3      | You are sucked into a shaft and drop 3 floors!
  3089 | D:5      | Identified the +2 short sword of Xereu {vamp, Dex+3}
  3091 | D:5      | Found Xejodgh's Antique Weapon Emporium.
  3216 | D:5      | Noticed a two-headed ogre
  3220 | D:5      | Reached XP level 8. HP: 45/56 MP: 0/0
  3566 | D:3      | Identified a scroll of acquirement
  3566 | D:3      | Acquired the ring of Miracles {EV+4 Int+5}
  3623 | D:4      | Killed a two-headed ogre
  3624 | D:4      | Reached skill level 5 in Dodging
  3624 | D:4      | Reached XP level 9. HP: 35/63 MP: 0/0
  3624 | D:4      | Learned a level 3 spell: Gell's Gravitas
  3980 | D:4      | Found a large runed translucent door.
  3980 | D:4      | Found a large runed translucent door.
  3989 | D:4      | Found a large runed translucent door.
  3989 | D:4      | Found a large runed translucent door.
  4250 | D:4      | Reached skill level 5 in Fighting
  4411 | D:5      | Noticed Duvessa
  4411 | D:5      | Noticed Dowan
  4413 | D:5      | Killed Dowan
  4417 | D:5      | Killed Duvessa
  4451 | D:5      | Found a staircase to the Ecumenical Temple.
  4536 | Temple   | Entered the Ecumenical Temple
  4651 | Temple   | Became a worshipper of Makhleb the Destroyer
  5061 | D:5      | Found a shimmering altar of Xom.
  5106 | D:6      | Killed Maggie
  5107 | D:6      | Reached skill level 1 in Invocations
  5107 | D:6      | Reached XP level 10. HP: 48/72 MP: 0/0
  5532 | D:7      | Found Gifeg's Elemental Accessories.
  5735 | D:7      | Reached * piety under Makhleb
  5770 | D:7      | Found a flagged portal.
  5776 | Bailey   | Entered a bailey
  5866 | Bailey   | Identified the +2 broad axe "Cimemyick" {antimagic, Will++}
  5896 | Bailey   | Identified the +0 pair of gloves of Faidd {rPois Str+4
                  | Int+3}
  6207 | D:7      | Reached ** piety under Makhleb
  6529 | D:8      | Identified the +9 short sword of Exoneration {antimagic,
                  | rF+ rCorr Str+4}
  6625 | D:8      | Noticed Psyche
  6635 | D:8      | Killed Psyche
  6681 | D:8      | Noticed Pikel
  6688 | D:8      | Killed Pikel
  6689 | D:8      | Reached XP level 11. HP: 81/81 MP: 0/0
  6689 | D:8      | Learned a level 5 spell: Irradiate
  6967 | D:8      | Noticed Philosophy's ghost (novice GrFi)
  6968 | D:8      | Found a large runed translucent door.
  6968 | D:8      | Found a large runed translucent door.
  7224 | D:8      | Found an iron altar of Okawaru.
  7224 | D:8      | Found a hazy altar of Hepliaklqana.
  7306 | D:9      | Found a sacrificial altar of Ru.
  7412 | D:5      | Bought a faintly glowing double sword for 500 gold pieces
  7412 | D:5      | Identified the +6 double sword "Liucw" {vorpal, Fly rN+
                  | rCorr} (You bought it in a shop on level 5 of the Dungeon)
  7549 | D:9      | Found a staircase to the Lair.
  7555 | D:9      | Reached skill level 1 in Armour
  7555 | D:9      | Noticed a two-headed ogre
  7564 | D:8      | Reached skill level 1 in Long Blades
  7930 | D:9      | Killed a two-headed ogre
  8879 | D:9      | Reached *** piety under Makhleb
  9133 | D:10     | Entered Level 10 of the Dungeon
  9165 | D:10     | Noticed Nergalle
  9193 | D:10     | Killed Nergalle
  9314 | D:10     | You are sucked into a shaft and drop 2 floors!
  9321 | D:12     | Identified the +3 plate armour of Absolutism {rPois Will+
                  | Stlth-}
  9458 | D:12     | Noticed a deep elf pyromancer
  9618 | D:12     | Killed a deep elf pyromancer
  9622 | D:12     | Noticed a boulder beetle
 10081 | D:11     | Reached XP level 12. HP: 64/89 MP: 0/0
 10082 | D:11     | Reached skill level 5 in Invocations
 10135 | D:11     | Noticed a boulder beetle
 10153 | D:10     | Noticed a two-headed ogre
 10155 | D:10     | Reached skill level 1 in Shields
 10165 | D:10     | Killed a two-headed ogre
 10192 | D:10     | Identified the +2 shortbow of Giargh {venom, rPois rF+
                  | Dex+4}
 10198 | D:10     | Reached **** piety under Makhleb
 10782 | D:11     | Killed a boulder beetle
 11063 | D:12     | Found a staircase to the Orcish Mines.
 11162 | D:12     | Reached skill level 5 in Armour
 11257 | D:12     | Noticed a six-headed hydra
 11271 | D:12     | Killed a six-headed hydra
 11303 | D:12     | Noticed a two-headed ogre
 11310 | D:12     | Killed a two-headed ogre
 11315 | D:12     | Killed a boulder beetle
 11356 | D:12     | HP: 3/91 [meliai/+0 hand axe (9)]
 11359 | D:12     | Reached skill level 10 in Fighting
 11586 | D:13     | Noticed a centaur warrior
 11593 | D:13     | Killed a centaur warrior
 11593 | D:13     | Noticed Azrael
 11762 | Lair:1   | Entered Level 1 of the Lair of Beasts
 11799 | Lair:1   | Reached XP level 13. HP: 79/96 MP: 0/0
 11799 | Lair:1   | Learned a level 5 spell: Summon Forest
 12153 | Lair:1   | Noticed a seven-headed hydra
 12159 | Lair:1   | Killed a seven-headed hydra
 12360 | Lair:1   | Reached skill level 10 in Spellcasting
 12667 | Lair:2   | You are sucked into a shaft and drop 1 floor!
 12696 | Lair:2   | Noticed an eight-headed hydra
 12705 | Lair:2   | Killed an eight-headed hydra
 12706 | Lair:2   | Reached skill level 5 in Shields
 12758 | Lair:2   | Noticed a four-headed hydra
 12767 | Lair:2   | Killed a four-headed hydra
 13662 | Lair:3   | Reached ***** piety under Makhleb
 13678 | Lair:3   | You are sucked into a shaft and drop 3 floors!
 13678 | Lair:6   | Entered Level 6 of the Lair of Beasts
 13778 | Lair:4   | Noticed a five-headed hydra
 13787 | Lair:4   | Killed a five-headed hydra
 13867 | Lair:4   | Identified the +1 ring mail of the Spider Nest {Harm rElec
                  | SInv}
 14103 | Lair:4   | Found a hole to the Spider Nest.
 14167 | Lair:4   | Noticed an eight-headed hydra
 14178 | Lair:4   | Killed an eight-headed hydra
 14179 | Lair:4   | Reached skill level 10 in Dodging
 14850 | Lair:3   | Reached XP level 14. HP: 78/105 MP: 0/0
 15278 | Lair:4   | Reached skill level 5 in Long Blades
 15302 | Lair:4   | Found a staircase to the Shoals.
 15624 | D:8      | Killed Philosophy's ghost
 15882 | Lair:5   | Acquired a manual of Dodging
 15955 | Lair:5   | Found a staircase to the Slime Pits.
 16066 | Lair:5   | Identified the +3 scale mail of the Volcano {Str+4}
 16738 | Lair:5   | Identified the +9 trident of Dibbit {vorpal, Will+ Stlth+}
 16829 | Lair:6   | Identified the ring of Bexoup {MP+9 Str+7}
 17015 | Lair:6   | Reached ****** piety under Makhleb
 17087 | Lair:6   | Reached XP level 15. HP: 98/112 MP: 0/0
 17087 | Lair:6   | Learned a level 6 spell: Eringya's Noxious Bog
 18038 | Lair:6   | Found a runed translucent door.
 18514 | Orc:1    | Entered Level 1 of the Orcish Mines
 18522 | Orc:1    | Reached skill level 10 in Armour
 18605 | Orc:1    | Noticed Jorgrun
 18611 | Orc:1    | Killed Jorgrun
 18821 | Orc:1    | Found a dark tunnel.
 18832 | Volcano  | Entered a volcano
 19077 | Volcano  | Found a bloodstained altar of Trog.
 19590 | Orc:2    | Entered Level 2 of the Orcish Mines
 19660 | Orc:2    | Reached XP level 16. HP: 119/120 MP: 0/0
 19663 | Orc:2    | Noticed Snorg
 19667 | Orc:2    | Found a staircase to the Elven Halls.
 19678 | Orc:2    | Killed Snorg
 19882 | Orc:2    | Found Ysoo's Distillery.
 19883 | Orc:2    | Found Jotyepp's Book Shoppe.
 19884 | Orc:2    | Found Sehusih's Jewellery Emporium.
 19888 | Orc:2    | Found Vorum's Weapon Emporium.
 20100 | Orc:2    | Bought a potion of haste for 130 gold pieces
 20100 | Orc:2    | Bought a potion of haste for 130 gold pieces
 20102 | Orc:2    | Bought a ring of protection from cold for 425 gold pieces
 20492 | D:13     | Killed Azrael
 20562 | D:13     | Identified the +3 falchion of Omoot {vorpal, Contam SInv
                  | Stlth+}
 20917 | D:13     | Found a gate to the Vaults.
 20921 | D:13     | Cast into level 2 of the Abyss (a wizard)
 21006 | Abyss:2  | Noticed a bone dragon
 21213 | Abyss:2  | Noticed a tentacled starspawn
 21216 | Abyss:2  | Killed a tentacled starspawn
 21330 | Abyss:2  | Reached skill level 10 in Shields
 21406 | Abyss:2  | Noticed a white draconian knight
 21411 | Abyss:2  | Killed a white draconian knight
 21452 | Abyss:2  | Noticed a bone dragon
 21459 | Abyss:2  | Paralysed by accursed screaming for 1 turns
 21471 | Abyss:2  | Gained mutation: You have a beak for a mouth. [mutagenic
                  | glow]
 21480 | D:13     | Escaped the Abyss
 21495 | D:13     | Gained mutation: You are dopey. (Int -2) [mutagenic glow]
 21715 | D:13     | Identified the +1 chain mail of Muttered Phrases {rElec
                  | Str+4 Dex-5}
 21788 | D:14     | Reached XP level 17. HP: 111/127 MP: 0/0
 21788 | D:14     | Learned a level 6 spell: Simulacrum
 21958 | D:14     | Noticed Kirke
 21967 | D:14     | Killed Kirke
 23093 | D:15     | Entered Level 15 of the Dungeon
 23093 | D:15     | Noticed Nessos
 23263 | D:15     | Killed Nessos
 23405 | D:15     | Found an opulent altar of Gozag.
 23447 | D:15     | Identified the +0 helmet "Pesod" {rF+ Str+4}
 23478 | D:15     | Identified Roxanne's Incunabulum of Moulding
 23478 | D:15     | Noticed Roxanne
 23661 | D:15     | Killed Roxanne
 23715 | D:15     | Identified the +1 hand axe "Hemon" {pain, rF+ rN+ Int+3}
 23735 | D:15     | Found a staircase to the Depths.
 24105 | Spider:1 | Entered Level 1 of the Spider Nest
 24714 | Spider:1 | Found a runed translucent door.
 24742 | Spider:1 | Noticed Lihy's ghost (adept MiFi)
 24989 | Spider:2 | Reached XP level 18. HP: 134/136 MP: 0/0
 25672 | Spider:3 | Reached skill level 10 in Invocations
 26271 | Spider:4 | Entered Level 4 of the Spider Nest
 26435 | Spider:4 | Noticed Bai Suzhen
 26504 | Spider:4 | Reached skill level 15 in Fighting
 26526 | Spider:3 | HP: 6/138 [ghost moth (15)]
 26907 | Spider:4 | Reached skill level 15 in Dodging
 26990 | Spider:4 | Reached XP level 19. HP: 90/143 MP: 0/0
 26990 | Spider:4 | Learned a level 6 spell: Blade Hands
 27015 | Spider:3 | Killed Bai Suzhen
 27351 | Spider:4 | Got a gossamer rune of Zot
 27626 | Shoals:1 | Entered Level 1 of the Shoals
 28623 | D:2      | Bought 2 potions of heal wounds for 270 gold pieces
 28623 | D:2      | Bought a potion of haste for 270 gold pieces
 28890 | Orc:2    | Bought a potion of curing for 39 gold pieces
 28890 | Orc:2    | Bought a potion of curing for 39 gold pieces
 29325 | Shoals:2 | Noticed Ilsuiw
 29338 | Shoals:2 | Killed Ilsuiw
 29615 | Shoals:2 | Identified the +9 whip of Plog {pain, rCorr}
 29963 | Shoals:3 | Noticed Louise
 29973 | Shoals:3 | Cast into level 2 of the Abyss (Louise)
 30161 | Shoals:3 | Escaped the Abyss
 30168 | Shoals:3 | Killed Louise
 31068 | Shoals:4 | Entered Level 4 of the Shoals
 31523 | Shoals:4 | Identified the ring of the Median {Fly Str+5}
 31636 | Shoals:4 | Noticed Aizul
 31648 | Shoals:4 | Killed Aizul
 31721 | Shoals:4 | Gained mutation: Your spells are a little easier to cast,
                  | but a little less powerful. [mutagenic glow]
 32047 | Shoals:4 | Reached XP level 20. HP: 109/151 MP: 0/0
 32078 | Shoals:4 | Noticed Polyphemus
 32085 | Shoals:4 | Killed Polyphemus
 32089 | Shoals:4 | Gained mutation: Your spells are easier to cast, but less
                  | powerful. [mutagenic glow]
 32318 | Shoals:4 | HP: 6/151 [merfolk javelineer/javelin (21)]
 32329 | Shoals:4 | HP: 2/151 [merfolk javelineer/javelin (19)]
 32909 | Shoals:4 | Got a barnacled rune of Zot
 33566 | Vaults:1 | Entered Level 1 of the Vaults
 34004 | Vaults:1 | Reached skill level 10 in Long Blades
 34084 | Vaults:1 | Paralysed by a great orb of eyes for 4 turns
 34357 | Vaults:1 | Noticed Donald
 34385 | Vaults:1 | Killed Donald
 35408 | Vaults:1 | Reached XP level 21. HP: 148/158 MP: 0/0
 35408 | Vaults:1 | Learned a level 7 spell: Dragon Form
 35430 | Vaults:1 | Gained mutation: Armour fits poorly on your strangely
                  | shaped body. [mutagenic glow]
 36624 | Vaults:2 | Gained mutation: You sometimes lose the ability to read
                  | scrolls when taking damage. [mutagenic glow]
 37557 | Vaults:2 | Paralysed by a vault sentinel for 4 turns
 37836 | Vaults:2 | Lost mutation: You sometimes lose the ability to read
                  | scrolls when taking damage. [potion of mutation]
 37836 | Vaults:2 | Lost mutation: You are dopey. (Int -2) [potion of mutation]
 37836 | Vaults:2 | Lost mutation: Armour fits poorly on your strangely shaped
                  | body. [potion of mutation]
 37836 | Vaults:2 | Gained mutation: Your natural rate of healing is unusually
                  | fast. [potion of mutation]
 37836 | Vaults:2 | Gained mutation: Armour fits poorly on your strangely
                  | shaped body. [potion of mutation]
 37836 | Vaults:2 | Gained mutation: You are dopey. (Int -2) [potion of
                  | mutation]
 38091 | Vaults:2 | Found a staircase to the Crypt.
 38092 | Vaults:2 | Found a basalt altar of Yredelemnul.
 38534 | Vaults:3 | Found a huge runed gate.
 38534 | Vaults:3 | Found a huge runed gate.
 38534 | Vaults:3 | Found a huge runed gate.
 38534 | Vaults:3 | Found a huge runed gate.
 38534 | Vaults:3 | Found a huge runed gate.
 38534 | Vaults:3 | Found a huge runed gate.
 38534 | Vaults:3 | Found a huge runed gate.
 38535 | Vaults:3 | Found a huge runed gate.
 38535 | Vaults:3 | Found a huge runed gate.
 38535 | Vaults:3 | Found a huge runed gate.
 38723 | Vaults:3 | Found a huge runed gate.
 38723 | Vaults:3 | Found a huge runed gate.
 38723 | Vaults:3 | Found a huge runed gate.
 38723 | Vaults:3 | Found a huge runed gate.
 38723 | Vaults:3 | Found a huge runed gate.
 38723 | Vaults:3 | Found a huge runed gate.
 38724 | Vaults:3 | Found a huge runed gate.
 38725 | Vaults:3 | Found a huge runed gate.
 38726 | Vaults:3 | Found a huge runed gate.
 38735 | Vaults:3 | Found a huge runed gate.
 38735 | Vaults:3 | Found a huge runed gate.
 38735 | Vaults:3 | Found a huge runed gate.
 38803 | Vaults:3 | Paralysed by a great orb of eyes for 7 turns
 38857 | Vaults:3 | Found a huge runed gate.
 38858 | Vaults:3 | Found a huge runed gate.
 38859 | Vaults:3 | Found a huge runed gate.
 38860 | Vaults:3 | Found a huge runed gate.
 38861 | Vaults:3 | Found a huge runed gate.
 38862 | Vaults:3 | Found a huge runed gate.
 38870 | Vaults:3 | Found a huge runed gate.
 38870 | Vaults:3 | Found a huge runed gate.
 38870 | Vaults:3 | Found a huge runed gate.
 38870 | Vaults:3 | Found a huge runed gate.
 38870 | Vaults:3 | Found a huge runed gate.
 38870 | Vaults:3 | Found a huge runed gate.
 38900 | Vaults:3 | Found a huge runed gate.
 38900 | Vaults:3 | Found a huge runed gate.
 39088 | Vaults:3 | Acquired 613 gold pieces
 39970 | Spider:1 | Killed Lihy's ghost
 40267 | Vaults:3 | Slain by a hell knight

Illustrated notes

Levels and vault maps discovered:
D:1:      psy_arrival_basics, layout_loops_ring, corexii_leaking_fountain,
          minmay_tiny_reverse_x
D:2:      layout_loops_ring, serial_shops, shop, basic_altar
D:3:      layout_basic, nicolae_overflow_hidden_temple
D:4:      layout_cave_pools, minmay_hollow_rounded_squares
D:5:      layout_loops_ring, kb_xom_exploding_sheep, minmay_temple_entry_arrows,
          serial_shops, kennysheep_mini, st_stairs_14, uniq_duvessa
D:6:      layout_basic, st_stairs_9, kennysheep_diamond,
          mrwooster_statue_mirror, hangedman_abyss_or_decor_stagger, uniq_maggie
D:7:      layout_gridville, enter_bailey_3, nicolae_elemental_shop, st_stairs_4,
          chequers_garden
D:8:      layout_cave_pools, gammafunk_temple_overflow_pools,
          ebering_ghost_disaster_area, minmay_manual_mares, uniq_psyche,
          uniq_pikel
D:9:      layout_stronghold, nicolae_ru_sacrificial_ziggurat,
          erik_lair_orcish_takeover
D:10:     layout_big_octagon, uniq_nergalle
D:11:     layout_loops_cross
D:12:     layout_roguey, david_orc_3
D:13:     layout_long_grid, david_vaults_1, minmay_orc_keep, uniq_azrael
D:14:     layout_gridville, roderic_lattice_a, grunt_ministairs_6, uniq_kirke
D:15:     hangedman_depths_entry_civil_slaughter, layout_rooms,
          nicolae_water_bricks, grunt_gozag_statues, uniq_nessos, uniq_roxanne
Temple:   minmay_temple_bridge_d
Lair:1:   layout_cave_pods
Lair:2:   layout_regular_city
Lair:3:   layout_loops_ring
Lair:4:   layout_regular_city, elwin_shoals_entry_rooms, spider_nest_entry_webs,
          grunt_megastairs_3, infiniplex_staircase_pool
Lair:5:   layout_gridlike, nicolae_slime_entry_slimehenge,
          serial_bayou_lagoon_a, serial_bayou_pond_e, grunt_megastairs_5,
          minmay_lair_oklob_chamber
Lair:6:   hangedman_lair_caniforms_friends, layout_loops_ring, wormcave
Shoals:1: layout_shoals
Shoals:2: layout_shoals, uniq_ilsuiw
Shoals:3: layout_shoals, nicolae_shoals_loop_pool, uniq_louise
Shoals:4: shoals_end_hangedman, layout_shoals, shoals_ilsuiw_ice,
          uniq_polyphemus, uniq_aizul
Spider:1: layout_spider_delve, ebering_ghost_reflecting_pool
Spider:2: layout_spider_delve
Spider:3: layout_spider_delve, nicolae_spider_nook
Spider:4: grunt_spider_rune_circles, uniq_bai_suzhen
Orc:1:    layout_diamond_mine, lightli_volcano_entry_magma_tube, uniq_jorgrun
Orc:2:    st_orc_mages, layout_caves, minmay_orc_barracks, uniq_snorg
Vaults:1: vaults_room_guarded_vault, v_pattern_1, v_misc_22, v_misc_33,
          vaults_mumra_hex, vaults_room_stairs_pillars,
          nicolae_vaults_circle_grid_a, v_misc_3, layout_vaults_quadrants,
          uniq_donald
Vaults:2: nicolae_vaults_network_quinsquares
          [nicolae_vaults_network_quincunx_subvault,
          nicolae_vaults_network_quincunx_subvault,
          nicolae_vaults_network_quincunx_subvault,
          nicolae_vaults_network_quincunx_subvault],
          minmay_crypt_entry_necro_gods, vaults_room_pool,
          vaults_room_semicircle, v_pattern_5, nicolae_vaults_circle_grid_a,
          v_misc_3, serial_ice_b, nicolae_vaults_shelves_hall, v_misc_24,
          v_misc_22, nicolae_vaults_mini_display_case,
          nicolae_vaults_three_branches, layout_vaults_ring
Vaults:3: vaults_not_door_vault_due, hangedman_vaults_cutoff, v_misc_11,
          v_misc_4, hangedman_vaults_cutoff,
          nicolae_vaults_windows_and_doors_thing, nicolae_vaults_specimen_jars,
          v_misc_2, nicolae_vaults_bisected_slash,
          nicolae_vaults_big_angled_halls, vaults_dpeg_ring,
          layout_vaults_maze_snakey

Skill      XL: |  1  2  3  4  5  6  7  8  9 10 11 12 13 14 15 16 17 18 19 20 21 |
---------------+----------------------------------------------------------------+-----
Fighting       | 1 2 3 4 6 7 9 10 11 12 13 14 15 16 17 | 17.4
Stealth        | 2 3 4 |  4.0
Dodging        | 3 4 5 6 7 8 9 10 11 12 13 14 15 16 17 | 17.0
Spellcasting   | 4 5 6 7 8 9 10 11 12 13 14 | 14.8
Invocations    | 1 3 4 5 6 7 8 9 10 11 12 | 12.0
Armour         | 4 6 7 9 10 11 12 13 14 | 14.0
Long Blades    | 2 3 4 5 6 7 8 9 10 | 10.9
Shields        | 4 6 8 9 10 11 12 | 12.9

Action                   |  1- 3 |  4- 6 |  7- 9 | 10-12 | 13-15 | 16-18 | 19-21 || total
-------------------------+-------+-------+-------+-------+-------+-------+-------++-------
Melee: Dagger            |     9 |     4 |    31 |       |       |       |       ||    44
       Short sword       |       |       |     3 |       |     1 |       |       ||     4
       Double sword      |       |       |       |     3 |    20 |    31 |   177 ||   231
       Peck              |       |       |       |       |       |     7 |    35 ||    42
       Unarmed           |       |       |       |       |       |       |    21 ||    21
       Tailslap          |       |       |       |       |       |       |     3 ||     3
       Bite              |       |       |       |       |       |       |     1 ||     1
 Cast: Magic Dart        |    19 |       |       |       |     1 |       |       ||    20
       Searing Ray       |    10 |    15 |    51 |    93 |   149 |    85 |    19 ||   422
       Iskenderun's Myst |       |     2 |    13 |    31 |    49 |   210 |   251 ||   556
       Fulminant Prism   |       |     1 |     3 |    19 |    21 |    32 |    10 ||    86
       Irradiate         |       |       |       |    10 |    58 |    67 |   152 ||   287
       Summon Forest     |       |       |       |       |     1 |     1 |       ||     2
       Dazzling Flash    |       |       |       |       |     1 |       |     1 ||     2
       Stone Arrow       |       |       |       |       |       |    71 |    38 ||   109
       Eringya's Noxious |       |       |       |       |       |     1 |     6 ||     7
       Foxfire           |       |       |       |       |       |       |     2 ||     2
       Dragon Form       |       |       |       |       |       |       |     4 ||     4
Invok: Major Destruction |       |       |       |       |       |       |     2 ||     2
 Abil: Breathe Fire      |       |       |       |       |       |       |     1 ||     1
  Use: Scroll            |     2 |       |    12 |     9 |     6 |     3 |     8 ||    40
       Potion            |       |       |       |     2 |       |     4 |     6 ||    12
 Stab: Sleeping          |     1 |     1 |     5 |       |       |       |       ||     7
Armor: Robe              |     2 |     4 |     6 |    20 |    10 |       |       ||    42
       Swamp dragon scal |       |       |       |    12 |       |       |       ||    12
       Ring mail         |       |       |       |       |    63 |    95 |    76 ||   234
       Skin              |       |       |       |       |       |       |     9 ||     9
Dodge: Dodged            |     9 |    25 |    60 |   129 |   210 |   333 |   405 ||  1171
       Repelled          |       |       |       |       |     1 |     4 |       ||     5
Block: Kite shield       |       |       |       |    27 |   144 |   242 |   374 ||   787
       Reflection        |       |       |       |       |       |       |    21 ||    21
       Other             |       |       |       |       |       |       |     6 ||     6
       Rpst.: Double sword |       |       |       |    19 |    56 |    54 |    57 ||   186

Table legend: (Time is in decaauts)
 A = Elapsed time spent in this place.
 B = Non-inter-level travel time spent in this place.
 C = Inter-level travel time spent in this place.
 D = Time resting spent in this place.
 E = Time spent auto-exploring this place.
 F = Levels seen in this place.
 G = Mean time per level.
                   A        B        C        D        E       F      G
               +--------+--------+--------+--------+--------+-----+--------+
         Total |  40396 |  35756 |   4640 |   2303 |  25738 |  39 | 1035.8 |
       Dungeon |  15797 |  13599 |   2198 |    553 |  10576 |  15 | 1053.1 |
        Temple |    134 |    116 |     18 |      0 |     75 |   1 |  134.0 |
          Lair |   7076 |   5906 |   1170 |    139 |   4727 |   6 | 1179.3 |
        Shoals |   4851 |   4561 |    290 |    541 |   3079 |   4 | 1212.8 |
   Spider Nest |   3509 |   3113 |    396 |    376 |   2009 |   4 |  877.2 |
  Orcish Mines |   1435 |   1186 |    249 |      0 |    732 |   2 |  717.5 |
        Vaults |   6006 |   5688 |    318 |    694 |   3647 |   3 | 2002.0 |
         Abyss |    739 |    739 |      0 |      0 |    386 |   2 |  369.5 |
        Bailey |    331 |    331 |      0 |      0 |    189 |   1 |  331.0 |
       Volcano |    513 |    513 |      0 |      0 |    318 |   1 |  513.0 |
               +--------+--------+--------+--------+--------+-----+--------+

Top non-repeatable levels by time:
Vaults:1: 2416 daAuts
Vaults:2: 2352 daAuts
     D:9: 1860 daAuts
Shoals:4: 1781 daAuts
  Lair:6: 1539 daAuts
Spider:3: 1447 daAuts
    D:14: 1446 daAuts
  Lair:4: 1421 daAuts
Shoals:3: 1421 daAuts
Vaults:3: 1237 daAuts
    D:13: 1202 daAuts
     D:1: 1144 daAuts
  Lair:1: 1098 daAuts
  Lair:5: 1076 daAuts
     D:8: 1061 daAuts
